MLB
PHILADELPHIA PHILLIES @ COLORADO ROCKIES
05/23/2020
 
TOP OF THE 1ST
Philadelphia Phillies batting - Pitching for Colorado Rockies : LHP Kyle Freeland
Pitching: LHP Kyle Freeland
Batting: RHB Jean Segura 0-0: Ball
1-0: Ball
2-0: Ball
3-0: Called Strike
3-1: Foul Ball, location: 2F
3-2: Strikes out swinging
Batting: RHB Andrew McCutchen 0-0: Ball
1-0: Ball
2-0: SINGLE (Groundball, 6D, EV 98.8 MPH)
Batting: RHB J.T. Realmuto 0-0: Ball
1-0: Swinging Strike
1-1: Foul Ball, location: 2F
1-2: Foul Ball, location: 2F
1-2: Ball
2-2: Fly out, F7 (Flyball, 7, EV 90.6 MPH)
Batting: LHB Bryce Harper 0-0: Called Strike
0-1: Ball
1-1: Foul Ball, location: 2F
1-2: Foul Ball, location: 2F
1-2: DOUBLE (Line Drive, 8RXD, EV 103.8 MPH)
Andrew McCutchen to third
Runner from 3rd tries for Home, SAFE, no throw by CF
Pinch Runner at 2nd Zack Cozart:
Batting: RHB Rhys Hoskins 0-0: Swinging Strike
0-1: Foul Ball, location: 2F
0-2: Strikes out swinging
Top of the 1st over - 1 run, 2 hits, 0 errors, 1 left on base; Philadelphia 1 - Colorado 0
BOTTOM OF THE 1ST
Colorado Rockies batting - Pitching for Philadelphia Phillies : RHP Nick Pivetta
Pitching: RHP Nick Pivetta
Now in RF: Odubel Herrera
Batting: RHB Garrett Hampson 0-0: Ball
1-0: Ball
2-0: Foul Ball, location: 2F
2-1: Ball
3-1: Called Strike
3-2: SINGLE (Groundball, 6M, EV 81.3 MPH) (infield hit)
Batting: LHB David Dahl 0-0: Ball
1-0: Ball
2-0: Ball
Wild Pitch!
Garrett Hampson to second
3-0: Base on Balls
Batting: LHB Charlie Blackmon 0-0: Ball
Garrett Hampson steals 3rd base (no throw)
David Dahl to second
1-0: Ball
2-0: Called Strike
2-1: Called Strike
2-2: Ball
3-2: Foul Ball, location: 2F
3-2: Foul Ball, location: 2F
3-2: SINGLE (Line Drive, 89M, EV 93.1 MPH)
Garrett Hampson scores
David Dahl to third
Runner from 3rd tries for Home, SAFE, no throw by RF
Batting: RHB Nolan Arenado 0-0: Called Strike
0-1: Ball
1-1: Ball
2-1: Grounds into double play, 5-4-3 (Groundball, 56S, EV 83.8 MPH)
Batting: LHB Daniel Murphy 0-0: Called Strike
0-1: SINGLE (Groundball, 4MD, EV 100.6 MPH)
Batting: RHB Trevor Story 0-0: Ball
1-0: Called Strike
1-1: 2-RUN HOME RUN (Flyball, 89XD, EV 90.0 MPH), Distance : 439 ft
Batting: LHB Tony Wolters 0-0: Ball
1-0: Ball
2-0: Ball
3-0: Called Strike
3-1: Base on Balls
Batting: RHB Yonathan Daza 0-0: Ball
1-0: Fly out, F9 (Flyball, 9S, EV 81.3 MPH)
Bottom of the 1st over - 4 runs, 4 hits, 0 errors, 1 left on base; Philadelphia 1 - Colorado 4
TOP OF THE 2ND
Philadelphia Phillies batting - Pitching for Colorado Rockies : LHP Kyle Freeland
Batting: LHB Didi Gregorius 0-0: Called Strike
0-1: Ball
1-1: Bunt for hit to P - play at first, batter safe!
Batting: RHB Howie Kendrick 0-0: Ball
1-0: Called Strike
1-1: Fly out, F7 (Flyball, 7LM, EV 82.5 MPH)
Batting: SHB Roman Quinn 0-0: Ball
1-0: Foul Ball, location: 2F
1-1: Swinging Strike
1-2: Grounds into double play, 5-4-3 (Groundball, 56S, EV 81.9 MPH)
Top of the 2nd over - 0 runs, 1 hit, 0 errors, 0 left on base; Philadelphia 1 - Colorado 4
BOTTOM OF THE 2ND
Colorado Rockies batting - Pitching for Philadelphia Phillies : RHP Nick Pivetta
Batting: LHB Kyle Freeland 0-0: Ball
1-0: Called Strike
1-1: Foul Ball, location: 2F
1-2: Strikes out swinging
Batting: RHB Garrett Hampson 0-0: Called Strike
0-1: Called Strike
0-2: Fly out, F4 (Line Drive, 4, EV 75.6 MPH)
Batting: LHB David Dahl 0-0: Ball
1-0: Called Strike
1-1: Ball
2-1: SINGLE (Line Drive, 78M, EV 110.0 MPH)
Batting: LHB Charlie Blackmon 0-0: Ball
1-0: Called Strike
1-1: Ball
2-1: Called Strike
2-2: Foul Ball, location: 2F
2-2: Strikes out swinging
Bottom of the 2nd over - 0 runs, 1 hit, 0 errors, 1 left on base; Philadelphia 1 - Colorado 4
TOP OF THE 3RD
Philadelphia Phillies batting - Pitching for Colorado Rockies : LHP Kyle Freeland
Batting: RHB Nick Pivetta 0-0: Ball
1-0: Called Strike
1-1: Swinging Strike
1-2: Strikes out swinging, 2-3 out at first.
Batting: RHB Jean Segura 0-0: Ground out 6-3 (Groundball, 6, EV 103.1 MPH)
Batting: RHB Andrew McCutchen 0-0: Foul Ball, location: 2F
0-1: Ball
1-1: Called Strike
1-2: Ball
2-2: Ball
3-2: SINGLE (Groundball, 56D, EV 94.4 MPH)
Batting: RHB J.T. Realmuto 0-0: Foul Ball, location: 2F
0-1: Foul Ball, location: 2F
0-2: Ball
1-2: Strikes out swinging
Top of the 3rd over - 0 runs, 1 hit, 0 errors, 1 left on base; Philadelphia 1 - Colorado 4
BOTTOM OF THE 3RD
Colorado Rockies batting - Pitching for Philadelphia Phillies : RHP Nick Pivetta
Batting: RHB Nolan Arenado 0-0: Ball
1-0: Fly out, F8 (Flyball, 8LD, EV 76.9 MPH)
Batting: LHB Daniel Murphy 0-0: Called Strike
0-1: Fly out, F8 (Line Drive, 8RD, EV 84.4 MPH)
Batting: RHB Trevor Story 0-0: Fly out, F4 (Popup, 23, EV 95.0 MPH)
Bottom of the 3rd over - 0 runs, 0 hits, 0 errors, 0 left on base; Philadelphia 1 - Colorado 4
TOP OF THE 4TH
Philadelphia Phillies batting - Pitching for Colorado Rockies : LHP Kyle Freeland
Batting: LHB Odubel Herrera 0-0: Ball
1-0: Called Strike
1-1: Ground out 3-1 (Groundball, 34, EV 85.0 MPH)
Batting: RHB Rhys Hoskins 0-0: Ball
1-0: Called Strike
1-1: Ground out 6-3 (Groundball, 6, EV 88.8 MPH)
Batting: LHB Didi Gregorius 0-0: Ground out 6-3 (Groundball, 6M, EV 88.8 MPH)
Top of the 4th over - 0 runs, 0 hits, 0 errors, 0 left on base; Philadelphia 1 - Colorado 4
BOTTOM OF THE 4TH
Colorado Rockies batting - Pitching for Philadelphia Phillies : RHP Nick Pivetta
Batting: LHB Tony Wolters 0-0: Ball
1-0: Ball
2-0: Called Strike
2-1: Foul Ball, location: 2F
2-2: Ball
3-2: SINGLE (Flyball, 78S, EV 89.4 MPH)
Batting: RHB Yonathan Daza 0-0: Fielders Choice at 2nd, 6-4 (Groundball, 6, EV 100.0 MPH)
Batting: LHB Kyle Freeland 0-0: Sac Bunt to 2L - play at first, batter OUT! 2-4
Yonathan Daza to second
Batting: RHB Garrett Hampson 0-0: Called Strike
0-1: Swinging Strike
0-2: Foul Ball, location: 2F
0-2: Ball
1-2: 2-RUN HOME RUN (Flyball, 7D, EV 93.1 MPH), Distance : 405 ft
Pitching: RHP Reggie McClain
Batting: LHB David Dahl 0-0: Foul Ball, location: 9LSF, Error on foul ball, E9
0-1: Ball
1-1: Swinging Strike
1-2: Ball
2-2: Foul Ball, location: 2F
2-2: SOLO HOME RUN (Flyball, 9LD, EV 86.3 MPH), Distance : 379 ft
Batting: LHB Charlie Blackmon 0-0: Called Strike
0-1: Called Strike
0-2: Strikes out swinging
Bottom of the 4th over - 3 runs, 3 hits, 1 error, 0 left on base; Philadelphia 1 - Colorado 7
TOP OF THE 5TH
Philadelphia Phillies batting - Pitching for Colorado Rockies : LHP Kyle Freeland
Batting: RHB Howie Kendrick 0-0: Called Strike
0-1: Ground out 5-3 (Groundball, 5S, EV 66.9 MPH)
Batting: SHB Roman Quinn 0-0: Swinging Strike
0-1: Ball
1-1: Ball
2-1: Ball
3-1: Called Strike
3-2: Strikes out swinging, 2-3 out at first.
Batting: RHB Reggie McClain 0-0: Called Strike
0-1: Called Strike
0-2: Ball
1-2: Foul Ball, location: 2F
1-2: Foul Ball, location: 2F
1-2: Strikes out swinging
Top of the 5th over - 0 runs, 0 hits, 0 errors, 0 left on base; Philadelphia 1 - Colorado 7
BOTTOM OF THE 5TH
Colorado Rockies batting - Pitching for Philadelphia Phillies : RHP Reggie McClain
Batting: RHB Nolan Arenado 0-0: Foul Ball, location: 2F
0-1: Called Strike
0-2: Ball
1-2: Ball
2-2: Ball
3-2: Foul Ball, location: 2F
3-2: Foul Ball, location: 2F
3-2: Foul Ball, location: 2F
3-2: Strikes out swinging
Pitching: RHP Anthony Swarzak
Batting: LHB Daniel Murphy 0-0: Fly out, F9 (Line Drive, 9, EV 90.6 MPH)
Batting: RHB Trevor Story 0-0: Ball
1-0: Ball
2-0: Foul Ball, location: 2F
2-1: Called Strike
2-2: Strikes out swinging
Bottom of the 5th over - 0 runs, 0 hits, 0 errors, 0 left on base; Philadelphia 1 - Colorado 7
TOP OF THE 6TH
Philadelphia Phillies batting - Pitching for Colorado Rockies : LHP Kyle Freeland
Batting: RHB Jean Segura 0-0: Ball
1-0: Called Strike
1-1: Swinging Strike
1-2: Fly out, F7 (Flyball, 7LS, EV 86.9 MPH)
Batting: RHB Andrew McCutchen 0-0: SOLO HOME RUN (Flyball, 78XD, EV 100.0 MPH), Distance : 416 ft
Batting: RHB J.T. Realmuto 0-0: Called Strike
0-1: Ground out 5-3 (Groundball, 56, EV 89.4 MPH)
Batting: LHB Odubel Herrera 0-0: Ball
1-0: Ball
2-0: Foul Ball, location: 2F
2-1: Foul Ball, location: 2F
2-2: Foul Ball, location: 2F
2-2: Ball
3-2: Base on Balls
Batting: RHB Rhys Hoskins 0-0: Ball
1-0: Ball
2-0: Called Strike
2-1: Called Strike
Pickoff Throw by Catcher to First - Out!
Top of the 6th over - 1 run, 1 hit, 0 errors, 0 left on base; Philadelphia 2 - Colorado 7
BOTTOM OF THE 6TH
Colorado Rockies batting - Pitching for Philadelphia Phillies : RHP Anthony Swarzak
Batting: LHB Tony Wolters 0-0: Called Strike
0-1: Foul Ball, location: 2F
0-2: Strikes out looking
Batting: RHB Yonathan Daza 0-0: Ball
1-0: Called Strike
1-1: Foul Ball, location: 2F
1-2: Fly out, F4 (Line Drive, 4, EV 68.1 MPH)
Batting: LHB Kyle Freeland 0-0: Called Strike
0-1: Ground out 4-3 (Groundball, 4, EV 101.3 MPH)
Bottom of the 6th over - 0 runs, 0 hits, 0 errors, 0 left on base; Philadelphia 2 - Colorado 7
TOP OF THE 7TH
Philadelphia Phillies batting - Pitching for Colorado Rockies : LHP Kyle Freeland
Batting: RHB Rhys Hoskins 0-0: Foul Ball, location: 2F
0-1: Ball
1-1: Foul Ball, location: 2F
1-2: Ball
2-2: Ball
3-2: Foul Ball, location: 2F
3-2: Ground out 5-3 (Groundball, 56, EV 106.3 MPH)
Batting: LHB Didi Gregorius 0-0: Ball
1-0: Foul Ball, location: 2F
1-1: Foul Ball, location: 2F
1-2: SINGLE (Groundball, 3D, EV 101.3 MPH)
Batting: RHB Howie Kendrick 0-0: SINGLE (Groundball, 56D, EV 106.3 MPH)
Didi Gregorius to second
Batting: SHB Roman Quinn 0-0: Ball
1-0: Ball
2-0: Foul Ball, location: 2F
2-1: Foul Ball, location: 2F
2-2: Fly out, F6 (Line Drive, 6, EV 68.1 MPH)
Pinch Hitting: LHB Jay Bruce 0-0: Ball
1-0: DOUBLE (Line Drive, 89M, EV 96.9 MPH)
Didi Gregorius scores
Howie Kendrick to third
Runner from 3rd tries for Home, SAFE, throw by CF to trailing runner, OUT at third! 8-4-5
Top of the 7th over - 2 runs, 3 hits, 0 errors, 0 left on base; Philadelphia 4 - Colorado 7
BOTTOM OF THE 7TH
Colorado Rockies batting - Pitching for Philadelphia Phillies : RHP Anthony Swarzak
Pitching: LHP Adam Morgan
Batting: RHB Garrett Hampson 0-0: Ground out 6-3 (Groundball, 6, EV 87.5 MPH)
Batting: LHB David Dahl 0-0: Foul Ball, location: 2F
0-1: Foul Ball, location: 2F
0-2: Ball
1-2: Strikes out swinging
Batting: LHB Charlie Blackmon 0-0: Ball
1-0: Called Strike
1-1: Ball
2-1: Called Strike
2-2: Strikes out swinging
Bottom of the 7th over - 0 runs, 0 hits, 0 errors, 0 left on base; Philadelphia 4 - Colorado 7
TOP OF THE 8TH
Philadelphia Phillies batting - Pitching for Colorado Rockies : LHP Kyle Freeland
Batting: RHB Jean Segura 0-0: Called Strike
0-1: SINGLE (Groundball, 56S, EV 65.0 MPH) (infield hit)
Pitching: RHP Scott Oberg
Batting: RHB Andrew McCutchen 0-0: Ball
1-0: Ball
2-0: Ball
3-0: Base on Balls
Jean Segura to second
Batting: RHB J.T. Realmuto 0-0: Called Strike
0-1: Foul Ball, location: 2F
0-2: Strikes out swinging
Batting: LHB Odubel Herrera 0-0: Called Strike
0-1: Foul Ball, location: 2F
0-2: Ball
1-2: Strikes out swinging
Batting: RHB Rhys Hoskins 0-0: Ball
1-0: Called Strike
1-1: Swinging Strike
1-2: Foul Ball, location: 2F
1-2: Foul Ball, location: 2F
1-2: Ball
2-2: Ball
3-2: SINGLE (Groundball, 6MD, EV 108.8 MPH)
Jean Segura to third
Andrew McCutchen to second
Jean Segura scores
Andrew McCutchen to third
Batting: LHB Didi Gregorius 0-0: SINGLE (Line Drive, 89S, EV 88.1 MPH)
Andrew McCutchen scores
Rhys Hoskins to second
Runner from 2nd tries for 3rd, OUT! 9-5
Top of the 8th over - 2 runs, 3 hits, 0 errors, 1 left on base; Philadelphia 6 - Colorado 7
BOTTOM OF THE 8TH
Colorado Rockies batting - Pitching for Philadelphia Phillies : LHP Adam Morgan
Batting: RHB Nolan Arenado 0-0: Ball
1-0: Swinging Strike
1-1: Swinging Strike
1-2: Ball
2-2: Strikes out swinging
Pitching: LHP Jose Alvarez
Batting: LHB Daniel Murphy 0-0: Called Strike
0-1: Ball
1-1: Foul Ball, location: 2F
1-2: Strikes out looking
Batting: RHB Trevor Story 0-0: Ball
1-0: Ball
2-0: Ball
3-0: SOLO HOME RUN (Line Drive, 9LD, EV 98.8 MPH), Distance : 396 ft
Batting: LHB Tony Wolters 0-0: Called Strike
0-1: DOUBLE (Line Drive, 7LD, EV 111.9 MPH)
Batting: RHB Yonathan Daza 0-0: Called Strike
0-1: Ball
1-1: Foul Ball, location: 2F
1-2: Ground out 5-3 (Groundball, 56S, EV 83.8 MPH)
Bottom of the 8th over - 1 run, 2 hits, 0 errors, 1 left on base; Philadelphia 6 - Colorado 8
TOP OF THE 9TH
Philadelphia Phillies batting - Pitching for Colorado Rockies : RHP Scott Oberg
Pitching: RHP Jairo Diaz
Now in CF: Ian Desmond
Batting: RHB Howie Kendrick 0-0: Foul Ball, location: 2F
0-1: Called Strike
0-2: Strikes out swinging
Batting: SHB Roman Quinn 0-0: Ball
1-0: Ball
2-0: Called Strike
2-1: Ground out 4-3 (Groundball, 34, EV 78.8 MPH)
Pinch Hitting: RHB Logan Forsythe 0-0: Called Strike
0-1: Swinging Strike
0-2: Foul Ball, location: 2F
0-2: Strikes out swinging
Top of the 9th over - 0 runs, 0 hits, 0 errors, 0 left on base; Philadelphia 6 - Colorado 8
Friday, May 29th, 2020 - OOTP Baseball 21.3 Build 54